Workbook

Sheet Portfolio Tracker
A1: MY ASSETZ | PERSONAL PORTFOLIO & NET WORTH TRACKER
A2: Portfolio as on 29-Jul-2017 | Values in ₹ | Blue cells are inputs, all other figures are calculated
A4: Asset Head | B4: Asset Class | C4: Instrument / Description | D4: Purchase Date | E4: Purchase Value | F4: Current Date | G4: Current Value | H4: Gain / (Loss) | I4: Annualised Return | J4: Stated Rate p.a. (debt instruments) | K4: % of Portfolio | M4: PHYSICAL ASSETS — SUMMARY (Note 4)
A5: Physical Assets | B5: Real Estate | C5: Flat / Apartment | D5: 41430 | E5: 5500000 | F5: 42945 | G5: 7500000 | H5: =G5-E5 -> 2000000 | I5: =IFERROR(IF(J5<>"",J5/100,IF(AND(E5>0,D5<>"",F5<>"",F5>D5),(G5/E5)^(365/(F5-D5))-1,0)),0) -> 0.077586475 | K5: =IFERROR(G5/G71,0) -> 0.11550037 | M5: Category | N5: Current Value | O5: Wtd. Avg Return
C6: Flat / Apartment | D6: 42648 | E6: 5250000 | F6: 42945 | G6: 6000000 | H6: =G6-E6 -> 750000 | I6: =IFERROR(IF(J6<>"",J6/100,IF(AND(E6>0,D6<>"",F6<>"",F6>D6),(G6/E6)^(365/(F6-D6))-1,0)),0) -> 0.17833713 | K6: =IFERROR(G6/G71,0) -> 0.092400297 | M6: Real Estate | N6: =G7 -> 13500000 | O6: =I7 -> 0.12236455
B7: Real Estate | C7: Total | E7: =SUM(E5:E6) -> 10750000 | G7: =SUM(G5:G6) -> 13500000 | H7: =G7-E7 -> 2750000 | I7: =IFERROR(SUMPRODUCT(G5:G6,I5:I6)/G7,0) -> 0.12236455 | K7: =IFERROR(G7/G71,0) -> 0.20790067 | M7: Precious Metals - Gold | N7: =G9 -> 331380 | O7: =I9 -> 0.10069508
B8: Precious Metals - Gold | C8: Gold Coins | D8: 40308 | E8: 165690 | F8: 42945 | G8: 331380 | H8: =G8-E8 -> 165690 | I8: =IFERROR(IF(J8<>"",J8/100,IF(AND(E8>0,D8<>"",F8<>"",F8>D8),(G8/E8)^(365/(F8-D8))-1,0)),0) -> 0.10069508 | K8: =IFERROR(G8/G71,0) -> 0.0051032684 | M8: Precious Metals - Silver | N8: =G11 -> 51870 | O8: =I11 -> 0.06776734
B9: Precious Metals - Gold | C9: Total | E9: =SUM(E8:E8) -> 165690 | G9: =SUM(G8:G8) -> 331380 | H9: =G9-E9 -> 165690 | I9: =IFERROR(SUMPRODUCT(G8:G8,I8:I8)/G9,0) -> 0.10069508 | K9: =IFERROR(G9/G71,0) -> 0.0051032684 | M9: Precious Metals - Diamond | N9: =G13 -> 680000 | O9: =I13 -> 0.086275686
B10: Precious Metals - Silver | C10: Silver | D10: 41072 | E10: 37050 | F10: 42945 | G10: 51870 | H10: =G10-E10 -> 14820 | I10: =IFERROR(IF(J10<>"",J10/100,IF(AND(E10>0,D10<>"",F10<>"",F10>D10),(G10/E10)^(365/(F10-D10))-1,0)),0) -> 0.06776734 | K10: =IFERROR(G10/G71,0) -> 0.00079880057 | M10: Automobile | N10: =G15 -> 595000 | O10: =I15 -> -0.022929969
B11: Precious Metals - Silver | C11: Total | E11: =SUM(E10:E10) -> 37050 | G11: =SUM(G10:G10) -> 51870 | H11: =G11-E11 -> 14820 | I11: =IFERROR(SUMPRODUCT(G10:G10,I10:I10)/G11,0) -> 0.06776734 | K11: =IFERROR(G11/G71,0) -> 0.00079880057 | M11: Physical Assets Total | N11: =SUM(N6:N10) -> 15158250 | O11: =IFERROR(SUMPRODUCT(N6:N10,O6:O10)/N11,0) -> 0.11438187
B12: Precious Metals - Diamond | C12: Diamond | D12: 41804 | E12: 525000 | F12: 42945 | G12: 680000 | H12: =G12-E12 -> 155000 | I12: =IFERROR(IF(J12<>"",J12/100,IF(AND(E12>0,D12<>"",F12<>"",F12>D12),(G12/E12)^(365/(F12-D12))-1,0)),0) -> 0.086275686 | K12: =IFERROR(G12/G71,0) -> 0.010472034
B13: Precious Metals - Diamond | C13: Total | E13: =SUM(E12:E12) -> 525000 | G13: =SUM(G12:G12) -> 680000 | H13: =G13-E13 -> 155000 | I13: =IFERROR(SUMPRODUCT(G12:G12,I12:I12)/G13,0) -> 0.086275686 | K13: =IFERROR(G13/G71,0) -> 0.010472034 | M13: EQUITY — SUMMARY (Note 5)
B14: Automobile | C14: 4 Wheeler | D14: 42171 | E14: 625000 | F14: 42945 | G14: 595000 | H14: =G14-E14 -> -30000 | I14: =IFERROR(IF(J14<>"",J14/100,IF(AND(E14>0,D14<>"",F14<>"",F14>D14),(G14/E14)^(365/(F14-D14))-1,0)),0) -> -0.022929969 | K14: =IFERROR(G14/G71,0) -> 0.0091630295 | M14: Category | N14: Current Value | O14: Wtd. Avg Return
B15: Automobile | C15: Total | E15: =SUM(E14:E14) -> 625000 | G15: =SUM(G14:G14) -> 595000 | H15: =G15-E15 -> -30000 | I15: =IFERROR(SUMPRODUCT(G14:G14,I14:I14)/G15,0) -> -0.022929969 | K15: =IFERROR(G15/G71,0) -> 0.0091630295 | M15: Direct Equity - Indian | N15: =G19 -> 1849375 | O15: =I19 -> 0.082120544
A16: Financial Assets | B16: Equity - Direct (Indian) | C16: AMRUTANJAN | D16: 40212 | E16: 7750 | F16: 42945 | G16: 56250 | H16: =G16-E16 -> 48500 | I16: =IFERROR(IF(J16<>"",J16/100,IF(AND(E16>0,D16<>"",F16<>"",F16>D16),(G16/E16)^(365/(F16-D16))-1,0)),0) -> 0.30306204 | K16: =IFERROR(G16/G71,0) -> 0.00086625279 | M16: Direct Equity - Foreign | N16: =G21 -> 25993500 | O16: =I21 -> 0.11551884
C17: GUJALKALI | D17: 38547 | E17: 188750 | F17: 42945 | G17: 423750 | H17: =G17-E17 -> 235000 | I17: =IFERROR(IF(J17<>"",J17/100,IF(AND(E17>0,D17<>"",F17<>"",F17>D17),(G17/E17)^(365/(F17-D17))-1,0)),0) -> 0.06942116 | K17: =IFERROR(G17/G71,0) -> 0.006525771 | M17: Partnership Investments | N17: =G23 -> 1500000 | O17: =I23 -> 0.072056867
C18: M&M | D18: 36964 | E18: 406250 | F18: 42945 | G18: 1369375 | H18: =G18-E18 -> 963125 | I18: =IFERROR(IF(J18<>"",J18/100,IF(AND(E18>0,D18<>"",F18<>"",F18>D18),(G18/E18)^(365/(F18-D18))-1,0)),0) -> 0.076974696 | K18: =IFERROR(G18/G71,0) -> 0.021088443 | M18: PMS Investments | N18: =G25 -> 3900000 | O18: =I25 -> 0.088937304
B19: Equity - Direct (Indian) | C19: Total | E19: =SUM(E16:E18) -> 602750 | G19: =SUM(G16:G18) -> 1849375 | H19: =G19-E19 -> 1246625 | I19: =IFERROR(SUMPRODUCT(G16:G18,I16:I18)/G19,0) -> 0.082120544 | K19: =IFERROR(G19/G71,0) -> 0.028480467 | M19: Mutual Funds - Equity Oriented | N19: =G32 -> 3870085 | O19: =I32 -> 0.18652759
B20: Equity - Direct (Foreign) | C20: P&G | D20: 40547 | E20: 12675000 | F20: 42945 | G20: 25993500 | H20: =G20-E20 -> 13318500 | I20: =IFERROR(IF(J20<>"",J20/100,IF(AND(E20>0,D20<>"",F20<>"",F20>D20),(G20/E20)^(365/(F20-D20))-1,0)),0) -> 0.11551884 | K20: =IFERROR(G20/G71,0) -> 0.40030119 | M20: Mutual Funds - Hybrid | N20: =G36 -> 1108000 | O20: =I36 -> 0.18300869
B21: Equity - Direct (Foreign) | C21: Total | E21: =SUM(E20:E20) -> 12675000 | G21: =SUM(G20:G20) -> 25993500 | H21: =G21-E21 -> 13318500 | I21: =IFERROR(SUMPRODUCT(G20:G20,I20:I20)/G21,0) -> 0.11551884 | K21: =IFERROR(G21/G71,0) -> 0.40030119 | M21: Overall Equity Total | N21: =SUM(N15:N20) -> 38220960 | O21: =IFERROR(SUMPRODUCT(N15:N20,O15:O20)/N21,0) -> 0.11863131
B22: Partnership Investments | C22: Partnership Investment | D22: 40818 | E22: 1000000 | F22: 42945 | G22: 1500000 | H22: =G22-E22 -> 500000 | I22: =IFERROR(IF(J22<>"",J22/100,IF(AND(E22>0,D22<>"",F22<>"",F22>D22),(G22/E22)^(365/(F22-D22))-1,0)),0) -> 0.072056867 | K22: =IFERROR(G22/G71,0) -> 0.023100074
B23: Partnership Investments | C23: Total | E23: =SUM(E22:E22) -> 1000000 | G23: =SUM(G22:G22) -> 1500000 | H23: =G23-E23 -> 500000 | I23: =IFERROR(SUMPRODUCT(G22:G22,I22:I22)/G23,0) -> 0.072056867 | K23: =IFERROR(G23/G71,0) -> 0.023100074
B24: PMS Investments | C24: PMS Investment | D24: 41040 | E24: 2500000 | F24: 42945 | G24: 3900000 | H24: =G24-E24 -> 1400000 | I24: =IFERROR(IF(J24<>"",J24/100,IF(AND(E24>0,D24<>"",F24<>"",F24>D24),(G24/E24)^(365/(F24-D24))-1,0)),0) -> 0.088937304 | K24: =IFERROR(G24/G71,0) -> 0.060060193
B25: PMS Investments | C25: Total | E25: =SUM(E24:E24) -> 2500000 | G25: =SUM(G24:G24) -> 3900000 | H25: =G25-E25 -> 1400000 | I25: =IFERROR(SUMPRODUCT(G24:G24,I24:I24)/G25,0) -> 0.088937304 | K25: =IFERROR(G25/G71,0) -> 0.060060193
B26: Mutual Funds - Equity Oriented | C26: Axis Long Term Equity Fund (G) | D26: 40999 | E26: 12250 | F26: 42945 | G26: 36900 | H26: =G26-E26 -> 24650 | I26: =IFERROR(IF(J26<>"",J26/100,IF(AND(E26>0,D26<>"",F26<>"",F26>D26),(G26/E26)^(365/(F26-D26))-1,0)),0) -> 0.22976658 | K26: =IFERROR(G26/G71,0) -> 0.00056826183
C27: Birla Sun Life Frontline Equity Fund (G) | D27: 40248 | E27: 120250 | F27: 42945 | G27: 515125 | H27: =G27-E27 -> 394875 | I27: =IFERROR(IF(J27<>"",J27/100,IF(AND(E27>0,D27<>"",F27<>"",F27>D27),(G27/E27)^(365/(F27-D27))-1,0)),0) -> 0.21761148 | K27: =IFERROR(G27/G71,0) -> 0.0079329505
C28: HDFC Growth Fund (G) | D28: 40485 | E28: 357500 | F28: 42945 | G28: 1076250 | H28: =G28-E28 -> 718750 | I28: =IFERROR(IF(J28<>"",J28/100,IF(AND(E28>0,D28<>"",F28<>"",F28>D28),(G28/E28)^(365/(F28-D28))-1,0)),0) -> 0.17765287 | K28: =IFERROR(G28/G71,0) -> 0.016574303
C29: ICICI Prudential Top 100 Fund (G) | D29: 40970 | E29: 59250 | F29: 42945 | G29: 128400 | H29: =G29-E29 -> 69150 | I29: =IFERROR(IF(J29<>"",J29/100,IF(AND(E29>0,D29<>"",F29<>"",F29>D29),(G29/E29)^(365/(F29-D29))-1,0)),0) -> 0.15364824 | K29: =IFERROR(G29/G71,0) -> 0.0019773664
C30: Reliance Banking Fund - Direct Plan (G) | D30: 40633 | E30: 232200 | F30: 42945 | G30: 875910 | H30: =G30-E30 -> 643710 | I30: =IFERROR(IF(J30<>"",J30/100,IF(AND(E30>0,D30<>"",F30<>"",F30>D30),(G30/E30)^(365/(F30-D30))-1,0)),0) -> 0.23318589 | K30: =IFERROR(G30/G71,0) -> 0.013489057
C31: SBI Magnum Tax Gain Scheme (G) | D31: 38540 | E31: 228125 | F31: 42945 | G31: 1237500 | H31: =G31-E31 -> 1009375 | I31: =IFERROR(IF(J31<>"",J31/100,IF(AND(E31>0,D31<>"",F31<>"",F31>D31),(G31/E31)^(365/(F31-D31))-1,0)),0) -> 0.15040398 | K31: =IFERROR(G31/G71,0) -> 0.019057561
B32: Mutual Funds - Equity Oriented | C32: Total | E32: =SUM(E26:E31) -> 1009575 | G32: =SUM(G26:G31) -> 3870085 | H32: =G32-E32 -> 2860510 | I32: =IFERROR(SUMPRODUCT(G26:G31,I26:I31)/G32,0) -> 0.18652759 | K32: =IFERROR(G32/G71,0) -> 0.059599501
B33: Mutual Funds - Hybrid | C33: DSP BlackRock Balanced Fund (G) | D33: 40225 | E33: 181500 | F33: 42945 | G33: 725000 | H33: =G33-E33 -> 543500 | I33: =IFERROR(IF(J33<>"",J33/100,IF(AND(E33>0,D33<>"",F33<>"",F33>D33),(G33/E33)^(365/(F33-D33))-1,0)),0) -> 0.20423379 | K33: =IFERROR(G33/G71,0) -> 0.011165036
C34: Escorts Balanced Fund - Direct Plan (G) | D34: 41800 | E34: 42350 | F34: 42945 | G34: 63500 | H34: =G34-E34 -> 21150 | I34: =IFERROR(IF(J34<>"",J34/100,IF(AND(E34>0,D34<>"",F34<>"",F34>D34),(G34/E34)^(365/(F34-D34))-1,0)),0) -> 0.13783529 | K34: =IFERROR(G34/G71,0) -> 0.00097790315
C35: Escorts Balanced Fund (G) | D35: 40605 | E35: 135000 | F35: 42945 | G35: 319500 | H35: =G35-E35 -> 184500 | I35: =IFERROR(IF(J35<>"",J35/100,IF(AND(E35>0,D35<>"",F35<>"",F35>D35),(G35/E35)^(365/(F35-D35))-1,0)),0) -> 0.14382344 | K35: =IFERROR(G35/G71,0) -> 0.0049203158
B36: Mutual Funds - Hybrid | C36: Total | E36: =SUM(E33:E35) -> 358850 | G36: =SUM(G33:G35) -> 1108000 | H36: =G36-E36 -> 749150 | I36: =IFERROR(SUMPRODUCT(G33:G35,I33:I35)/G36,0) -> 0.18300869 | K36: =IFERROR(G36/G71,0) -> 0.017063255
B37: Debt - Direct Bonds | C37: Other Corporate Bonds | D37: 42600 | E37: 102000 | F37: 42944 | G37: 1176703 | H37: =G37-E37 -> 1074703 | I37: =IFERROR(IF(J37<>"",J37/100,IF(AND(E37>0,D37<>"",F37<>"",F37>D37),(G37/E37)^(365/(F37-D37))-1,0)),0) -> 0.09 | J37: 9 | K37: =IFERROR(G37/G71,0) -> 0.018121285
B38: Debt - Direct Bonds | C38: Total | E38: =SUM(E37:E37) -> 102000 | G38: =SUM(G37:G37) -> 1176703 | H38: =G38-E38 -> 1074703 | I38: =IFERROR(SUMPRODUCT(G37:G37,I37:I37)/G38,0) -> 0.09 | K38: =IFERROR(G38/G71,0) -> 0.018121285
B39: Debt - Fixed / Term Deposits | C39: Bank FD | D39: 42201 | E39: 150000 | F39: 42938 | G39: 150000 | H39: =G39-E39 -> 0 | I39: =IFERROR(IF(J39<>"",J39/100,IF(AND(E39>0,D39<>"",F39<>"",F39>D39),(G39/E39)^(365/(F39-D39))-1,0)),0) -> 0.08 | J39: 8 | K39: =IFERROR(G39/G71,0) -> 0.0023100074
C40: Corporate FD | D40: 40227 | E40: 235000 | F40: 42938 | G40: 235000 | H40: =G40-E40 -> 0 | I40: =IFERROR(IF(J40<>"",J40/100,IF(AND(E40>0,D40<>"",F40<>"",F40>D40),(G40/E40)^(365/(F40-D40))-1,0)),0) -> 0.12 | J40: 12 | K40: =IFERROR(G40/G71,0) -> 0.0036190116
B41: Debt - Fixed / Term Deposits | C41: Total | E41: =SUM(E39:E40) -> 385000 | G41: =SUM(G39:G40) -> 385000 | H41: =G41-E41 -> 0 | I41: =IFERROR(SUMPRODUCT(G39:G40,I39:I40)/G41,0) -> 0.10441558 | K41: =IFERROR(G41/G71,0) -> 0.0059290191
B42: Debt - Recurring Deposits | C42: Post Office RD | D42: 42461 | E42: 5000 | F42: 42938 | G42: 5000 | H42: =G42-E42 -> 0 | I42: =IFERROR(IF(J42<>"",J42/100,IF(AND(E42>0,D42<>"",F42<>"",F42>D42),(G42/E42)^(365/(F42-D42))-1,0)),0) -> 0.0825 | J42: 8.25 | K42: =IFERROR(G42/G71,0) -> 7.7000248e-05
B43: Debt - Recurring Deposits | C43: Total | E43: =SUM(E42:E42) -> 5000 | G43: =SUM(G42:G42) -> 5000 | H43: =G43-E43 -> 0 | I43: =IFERROR(SUMPRODUCT(G42:G42,I42:I42)/G43,0) -> 0.0825 | K43: =IFERROR(G43/G71,0) -> 7.7000248e-05
B44: Debt - Mutual Funds | C44: ICICI Prudential Savings Fund - Plan A (G) | D44: 41800 | E44: 106750 | F44: 42938 | G44: 140600 | H44: =G44-E44 -> 33850 | I44: =IFERROR(IF(J44<>"",J44/100,IF(AND(E44>0,D44<>"",F44<>"",F44>D44),(G44/E44)^(365/(F44-D44))-1,0)),0) -> 0.092360214 | K44: =IFERROR(G44/G71,0) -> 0.002165247
C45: Templeton India Corp. Bond Opportunities Fund (G) | D45: 40969 | E45: 109500 | F45: 42938 | G45: 143100 | H45: =G45-E45 -> 33600 | I45: =IFERROR(IF(J45<>"",J45/100,IF(AND(E45>0,D45<>"",F45<>"",F45>D45),(G45/E45)^(365/(F45-D45))-1,0)),0) -> 0.050860591 | K45: =IFERROR(G45/G71,0) -> 0.0022037471
B46: Debt - Mutual Funds | C46: Total | E46: =SUM(E44:E45) -> 216250 | G46: =SUM(G44:G45) -> 283700 | H46: =G46-E46 -> 67450 | I46: =IFERROR(SUMPRODUCT(G44:G45,I44:I45)/G46,0) -> 0.071427553 | K46: =IFERROR(G46/G71,0) -> 0.0043689941
B47: Debt - Money Market Funds | C47: Templeton India Treasury Mgmt A/c - Super Inst. (G) | D47: 40995 | E47: 82125 | F47: 42938 | G47: 95625 | H47: =G47-E47 -> 13500 | I47: =IFERROR(IF(J47<>"",J47/100,IF(AND(E47>0,D47<>"",F47<>"",F47>D47),(G47/E47)^(365/(F47-D47))-1,0)),0) -> 0.029002428 | K47: =IFERROR(G47/G71,0) -> 0.0014726297
B48: Debt - Money Market Funds | C48: Total | E48: =SUM(E47:E47) -> 82125 | G48: =SUM(G47:G47) -> 95625 | H48: =G48-E48 -> 13500 | I48: =IFERROR(SUMPRODUCT(G47:G47,I47:I47)/G48,0) -> 0.029002428 | K48: =IFERROR(G48/G71,0) -> 0.0014726297
B49: Debt - ETFs | C49: HDFC Gold Exchange Traded Fund | D49: 40997 | E49: 229500 | F49: 42938 | G49: 167250 | H49: =G49-E49 -> -62250 | I49: =IFERROR(IF(J49<>"",J49/100,IF(AND(E49>0,D49<>"",F49<>"",F49>D49),(G49/E49)^(365/(F49-D49))-1,0)),0) -> -0.057765129 | K49: =IFERROR(G49/G71,0) -> 0.0025756583
B50: Debt - ETFs | C50: Total | E50: =SUM(E49:E49) -> 229500 | G50: =SUM(G49:G49) -> 167250 | H50: =G50-E50 -> -62250 | I50: =IFERROR(SUMPRODUCT(G49:G49,I49:I49)/G50,0) -> -0.057765129 | K50: =IFERROR(G50/G71,0) -> 0.0025756583
B51: Debt - Postal Savings | C51: National Savings Certificate | D51: 41072 | E51: 15000 | F51: 42938 | G51: 15000 | H51: =G51-E51 -> 0 | I51: =IFERROR(IF(J51<>"",J51/100,IF(AND(E51>0,D51<>"",F51<>"",F51>D51),(G51/E51)^(365/(F51-D51))-1,0)),0) -> 0.095 | J51: 9.5 | K51: =IFERROR(G51/G71,0) -> 0.00023100074
C52: Post Office Monthly Income Scheme | D52: 42201 | E52: 6000000 | F52: 42938 | G52: 6000000 | H52: =G52-E52 -> 0 | I52: =IFERROR(IF(J52<>"",J52/100,IF(AND(E52>0,D52<>"",F52<>"",F52>D52),(G52/E52)^(365/(F52-D52))-1,0)),0) -> 0.0825 | J52: 8.25 | K52: =IFERROR(G52/G71,0) -> 0.092400297
C53: Public Provident Fund | D53: 40212 | E53: 36000 | F53: 42938 | G53: 36000 | H53: =G53-E53 -> 0 | I53: =IFERROR(IF(J53<>"",J53/100,IF(AND(E53>0,D53<>"",F53<>"",F53>D53),(G53/E53)^(365/(F53-D53))-1,0)),0) -> 0.0975 | J53: 9.75 | K53: =IFERROR(G53/G71,0) -> 0.00055440178
C54: Public Provident Fund | D54: 40612 | E54: 40000 | F54: 42938 | G54: 40000 | H54: =G54-E54 -> 0 | I54: =IFERROR(IF(J54<>"",J54/100,IF(AND(E54>0,D54<>"",F54<>"",F54>D54),(G54/E54)^(365/(F54-D54))-1,0)),0) -> 0.0975 | J54: 9.75 | K54: =IFERROR(G54/G71,0) -> 0.00061600198
B55: Debt - Postal Savings | C55: Total | E55: =SUM(E51:E54) -> 6091000 | G55: =SUM(G51:G54) -> 6091000 | H55: =G55-E55 -> 0 | I55: =IFERROR(SUMPRODUCT(G51:G54,I51:I54)/G55,0) -> 0.082717945 | K55: =IFERROR(G55/G71,0) -> 0.093801702
B56: Debt - Other Investments | C56: Debt Portfolio Investment | D56: 41057 | E56: 500000 | F56: 42938 | G56: 850000 | H56: =G56-E56 -> 350000 | I56: =IFERROR(IF(J56<>"",J56/100,IF(AND(E56>0,D56<>"",F56<>"",F56>D56),(G56/E56)^(365/(F56-D56))-1,0)),0) -> 0.11 | J56: 11 | K56: =IFERROR(G56/G71,0) -> 0.013090042
B57: Debt - Other Investments | C57: Total | E57: =SUM(E56:E56) -> 500000 | G57: =SUM(G56:G56) -> 850000 | H57: =G57-E57 -> 350000 | I57: =IFERROR(SUMPRODUCT(G56:G56,I56:I56)/G57,0) -> 0.11 | K57: =IFERROR(G57/G71,0) -> 0.013090042
B58: Debt - Company Offered Benefits | C58: Gratuity (value as of today) | E58: 236000 | F58: 42938 | G58: 236000 | H58: =G58-E58 -> 0 | I58: =IFERROR(IF(J58<>"",J58/100,IF(AND(E58>0,D58<>"",F58<>"",F58>D58),(G58/E58)^(365/(F58-D58))-1,0)),0) -> 0.085 | J58: 8.5 | K58: =IFERROR(G58/G71,0) -> 0.0036344117
C59: PF Accumulation (value as of today) | E59: 185635 | F59: 42938 | G59: 185635 | H59: =G59-E59 -> 0 | I59: =IFERROR(IF(J59<>"",J59/100,IF(AND(E59>0,D59<>"",F59<>"",F59>D59),(G59/E59)^(365/(F59-D59))-1,0)),0) -> 0.085 | J59: 8.5 | K59: =IFERROR(G59/G71,0) -> 0.0028587882
B60: Debt - Company Offered Benefits | C60: Total | E60: =SUM(E58:E59) -> 421635 | G60: =SUM(G58:G59) -> 421635 | H60: =G60-E60 -> 0 | I60: =IFERROR(SUMPRODUCT(G58:G59,I58:I59)/G60,0) -> 0.085 | K60: =IFERROR(G60/G71,0) -> 0.0064931999
B61: Debt - Savings Bank Accounts | C61: Current Account | D61: 42912 | E61: 233333 | F61: 42938 | G61: 233333 | H61: =G61-E61 -> 0 | I61: =IFERROR(IF(J61<>"",J61/100,IF(AND(E61>0,D61<>"",F61<>"",F61>D61),(G61/E61)^(365/(F61-D61))-1,0)),0) -> 0.04 | J61: 4 | K61: =IFERROR(G61/G71,0) -> 0.0035933398
C62: Savings Account | D62: 40575 | E62: 55000 | F62: 42938 | G62: 55000 | H62: =G62-E62 -> 0 | I62: =IFERROR(IF(J62<>"",J62/100,IF(AND(E62>0,D62<>"",F62<>"",F62>D62),(G62/E62)^(365/(F62-D62))-1,0)),0) -> 0.04 | J62: 4 | K62: =IFERROR(G62/G71,0) -> 0.00084700273
B63: Debt - Savings Bank Accounts | C63: Total | E63: =SUM(E61:E62) -> 288333 | G63: =SUM(G61:G62) -> 288333 | H63: =G63-E63 -> 0 | I63: =IFERROR(SUMPRODUCT(G61:G62,I61:I62)/G63,0) -> 0.04 | K63: =IFERROR(G63/G71,0) -> 0.0044403425
A64: Personal Assets | B64: Jewels | C64: Jewels | D64: 32903 | E64: 601250 | F64: 42929 | G64: 1791400 | H64: =G64-E64 -> 1190150 | I64: =IFERROR(IF(J64<>"",J64/100,IF(AND(E64>0,D64<>"",F64<>"",F64>D64),(G64/E64)^(365/(F64-D64))-1,0)),0) -> 0.040545653 | K64: =IFERROR(G64/G71,0) -> 0.027587649
B65: Jewels | C65: Total | E65: =SUM(E64:E64) -> 601250 | G65: =SUM(G64:G64) -> 1791400 | H65: =G65-E65 -> 1190150 | I65: =IFERROR(SUMPRODUCT(G64:G64,I64:I64)/G65,0) -> 0.040545653 | K65: =IFERROR(G65/G71,0) -> 0.027587649
B66: Others | C66: Others | D66: 42919 | E66: 0 | F66: 42938 | G66: 0 | H66: =G66-E66 -> 0 | I66: =IFERROR(IF(J66<>"",J66/100,IF(AND(E66>0,D66<>"",F66<>"",F66>D66),(G66/E66)^(365/(F66-D66))-1,0)),0) -> 0 | K66: =IFERROR(G66/G71,0) -> 0
B67: Others | C67: Total | E67: =SUM(E66:E66) -> 0 | G67: =SUM(G66:G66) -> 0 | H67: =G67-E67 -> 0 | I67: =IFERROR(SUMPRODUCT(G66:G66,I66:I66)/G67,0) -> 0 | K67: =IFERROR(G67/G71,0) -> 0
A68: Physical Assets Total | E68: =(E7+E9+E11+E13+E15) -> 12102740 | G68: =(G7+G9+G11+G13+G15) -> 15158250 | H68: =G68-E68 -> 3055510 | I68: =IFERROR(SUMPRODUCT(G7:G15,I7:I15)/G68,0) -> 0.11978536 | K68: =IFERROR(G68/G71,0) -> 0.2334378
A69: Financial Assets Total | E69: =(E19+E21+E23+E25+E32+E36+E38+E41+E43+E46+E48+E50+E55+E57+E60+E63) -> 26467018 | G69: =(G19+G21+G23+G25+G32+G36+G38+G41+G43+G46+G48+G50+G55+G57+G60+G63) -> 47985206 | H69: =G69-E69 -> 21518188 | I69: =IFERROR(SUMPRODUCT(G19:G63,I19:I63)/G69,0) -> 0.21935369 | K69: =IFERROR(G69/G71,0) -> 0.73897455
A70: Personal Assets Total | E70: =(E65+E67) -> 601250 | G70: =(G65+G67) -> 1791400 | H70: =G70-E70 -> 1190150 | I70: =IFERROR(SUMPRODUCT(G65:G67,I65:I67)/G70,0) -> 0.040545653 | K70: =IFERROR(G70/G71,0) -> 0.027587649
A71: ALL ASSETS — GRAND TOTAL | E71: =E68+E69+E70 -> 39171008 | G71: =G68+G69+G70 -> 64934856 | H71: =G71-E71 -> 25763848 | I71: =IFERROR(SUMPRODUCT(G68:G70,I68:I70)/G71,0) -> 0.19117779 | K71: 1
A74: PORTFOLIO SUMMARY — BY ASSET HEAD
A75: Asset Head | B75: Purchased Value | C75: Current Value | D75: Gain / (Loss) | E75: Weighted Avg Return | F75: % of Portfolio
A76: Physical Assets | B76: =E68 -> 12102740 | C76: =G68 -> 15158250 | D76: =C76-B76 -> 3055510 | E76: =I68 -> 0.11978536 | F76: =K68 -> 0.2334378
A77: Financial Assets | B77: =E69 -> 26467018 | C77: =G69 -> 47985206 | D77: =C77-B77 -> 21518188 | E77: =I69 -> 0.21935369 | F77: =K69 -> 0.73897455
A78: Personal Assets | B78: =E70 -> 601250 | C78: =G70 -> 1791400 | D78: =C78-B78 -> 1190150 | E78: =I70 -> 0.040545653 | F78: =K70 -> 0.027587649
A79: Total | B79: =SUM(B76:B78) -> 39171008 | C79: =SUM(C76:C78) -> 64934856 | D79: =C79-B79 -> 25763848 | E79: =IFERROR(SUMPRODUCT(C76:C78,E76:E78)/C79,0) -> 0.19117779 | F79: =SUM(F76:F78) -> 1
A82: Notes
A83: 1. Fixed / recurring deposits with no recorded maturity value are carried at cost (current value = purchase value); their stated annual rate is shown in the 'Stated Rate p.a.' column.
A84: 2. Returns are shown as true annualised (CAGR) percentages to 3 decimal places, weighted by each holding's current value at every subtotal.
A85: 3. All dates are stored as real Excel dates so returns recalculate automatically if values or dates are edited.
A86: 4. Physical Assets breakdown (Real Estate / Precious Metals / Automobile) is shown in the summary panel at columns M:O.
A87: 5. Equity breakdown (Direct Indian / Foreign, Partnership, PMS, Equity & Hybrid Mutual Funds) is shown in the summary panel at columns M:O.
A88: 6. All totals — class, asset head and grand total — are formulas referencing the underlying rows, so the Portfolio Summary below always reconciles with the detail table above.
A89: 7. Each asset head (Physical / Financial / Personal) has its own colour band for quick visual separation.
A90: 8. Asset Head and Asset Class are now in their own dedicated columns, separate from the instrument name.

Sheet Dashboard
A1: MY ASSETZ | NET WORTH DASHBOARD
A2: Portfolio as on 29-Jul-2017
A4: Total Purchased Value | B4: ='Portfolio Tracker'!E71 -> 39171008
A5: Total Current Value | B5: ='Portfolio Tracker'!G71 -> 64934856
A6: Total Gain / (Loss) | B6: ='Portfolio Tracker'!H71 -> 25763848
A7: Portfolio Weighted Avg. Return | B7: ='Portfolio Tracker'!I71 -> 0.19117779
A9: ASSET ALLOCATION
A10: Asset Head | B10: Current Value | C10: % of Portfolio
A11: Physical Assets | B11: ='Portfolio Tracker'!G68 -> 15158250 | C11: ='Portfolio Tracker'!K68 -> 0.2334378
A12: Financial Assets | B12: ='Portfolio Tracker'!G69 -> 47985206 | C12: ='Portfolio Tracker'!K69 -> 0.73897455
A13: Personal Assets | B13: ='Portfolio Tracker'!G70 -> 1791400 | C13: ='Portfolio Tracker'!K70 -> 0.027587649
A14: Total | B14: =SUM(B11:B13) -> 64934856 | C14: =SUM(C11:C13) -> 1
A16: TOP ASSET CLASSES BY CURRENT VALUE
A17: Asset Class | B17: Current Value | C17: Wtd. Avg Return
A18: Real Estate | B18: ='Portfolio Tracker'!G7 -> 13500000 | C18: ='Portfolio Tracker'!I7 -> 0.12236455
A19: Precious Metals - Gold | B19: ='Portfolio Tracker'!G9 -> 331380 | C19: ='Portfolio Tracker'!I9 -> 0.10069508
A20: Precious Metals - Silver | B20: ='Portfolio Tracker'!G11 -> 51870 | C20: ='Portfolio Tracker'!I11 -> 0.06776734
A21: Precious Metals - Diamond | B21: ='Portfolio Tracker'!G13 -> 680000 | C21: ='Portfolio Tracker'!I13 -> 0.086275686
A22: Automobile | B22: ='Portfolio Tracker'!G15 -> 595000 | C22: ='Portfolio Tracker'!I15 -> -0.022929969
A23: Equity - Direct (Indian) | B23: ='Portfolio Tracker'!G19 -> 1849375 | C23: ='Portfolio Tracker'!I19 -> 0.082120544
A24: Equity - Direct (Foreign) | B24: ='Portfolio Tracker'!G21 -> 25993500 | C24: ='Portfolio Tracker'!I21 -> 0.11551884
A25: Partnership Investments | B25: ='Portfolio Tracker'!G23 -> 1500000 | C25: ='Portfolio Tracker'!I23 -> 0.072056867
A26: PMS Investments | B26: ='Portfolio Tracker'!G25 -> 3900000 | C26: ='Portfolio Tracker'!I25 -> 0.088937304
A27: Mutual Funds - Equity Oriented | B27: ='Portfolio Tracker'!G32 -> 3870085 | C27: ='Portfolio Tracker'!I32 -> 0.18652759
A28: Mutual Funds - Hybrid | B28: ='Portfolio Tracker'!G36 -> 1108000 | C28: ='Portfolio Tracker'!I36 -> 0.18300869
A29: Debt - Direct Bonds | B29: ='Portfolio Tracker'!G38 -> 1176703 | C29: ='Portfolio Tracker'!I38 -> 0.09
A30: Debt - Fixed / Term Deposits | B30: ='Portfolio Tracker'!G41 -> 385000 | C30: ='Portfolio Tracker'!I41 -> 0.10441558
A31: Debt - Recurring Deposits | B31: ='Portfolio Tracker'!G43 -> 5000 | C31: ='Portfolio Tracker'!I43 -> 0.0825
A32: Debt - Mutual Funds | B32: ='Portfolio Tracker'!G46 -> 283700 | C32: ='Portfolio Tracker'!I46 -> 0.071427553
A33: Debt - Money Market Funds | B33: ='Portfolio Tracker'!G48 -> 95625 | C33: ='Portfolio Tracker'!I48 -> 0.029002428
A34: Debt - ETFs | B34: ='Portfolio Tracker'!G50 -> 167250 | C34: ='Portfolio Tracker'!I50 -> -0.057765129
A35: Debt - Postal Savings | B35: ='Portfolio Tracker'!G55 -> 6091000 | C35: ='Portfolio Tracker'!I55 -> 0.082717945
A36: Debt - Other Investments | B36: ='Portfolio Tracker'!G57 -> 850000 | C36: ='Portfolio Tracker'!I57 -> 0.11
A37: Debt - Company Offered Benefits | B37: ='Portfolio Tracker'!G60 -> 421635 | C37: ='Portfolio Tracker'!I60 -> 0.085
A38: Debt - Savings Bank Accounts | B38: ='Portfolio Tracker'!G63 -> 288333 | C38: ='Portfolio Tracker'!I63 -> 0.04
A39: Jewels | B39: ='Portfolio Tracker'!G65 -> 1791400 | C39: ='Portfolio Tracker'!I65 -> 0.040545653
A40: Others | B40: ='Portfolio Tracker'!G67 -> 0 | C40: ='Portfolio Tracker'!I67 -> 0
